 Dungeon Crawl Stone Soup version 0.31-a0-1178-gc5c9b8f871 (webtiles) character file.

Game seed: 13148986782861616352

417 qw the Shooter (level 6, -2/38 HPs)
             Began as a Gargoyle Hunter on Dec 11, 2023.
             Slain by an ogre
             ... wielding a +0 giant spiked club
              (27 damage)
             ... on level 4 of the Dungeon.
             The game lasted 00:00:59 (2385 turns).

qw the Shooter (Gargoyle Hunter)                    Turns: 2385, Time: 00:00:59

Health: -2/38      AC:  9    Str: 15    XL:     6   Next: 92%
Magic:  6/6        EV: 11    Int:  9    God:
Gold:   72         SH:  5    Dex: 15    Spells: 5/5 levels left

rFire   . . .        c - +2 arbalest (heavy)
rCold   . . .        (shield currently unavailable)
rNeg    + . .        j - +0 ring mail
rPois   inf          (no helmet)
rElec   +            (no cloak)
rCorr   .            (no gloves)
SInv    .            (no boots)
Will    .....        f - amulet of reflection
Stlth   +            (no ring)
HPRegen 0.26/turn    (no ring)
MPRegen 0.10/turn

%: reflection
@: no status effects
A: sickness immunity, AC +4, negative energy resistance 1, electricity
resistance, torment resistance 1, petrification resistance
a: no special abilities


You were on level 4 of the Dungeon.
You visited 1 branch of the dungeon, and saw 4 of its levels.

You collected 100 gold pieces.
You spent 28 gold pieces at shops.


Innate Abilities, Weirdness & Mutations

You are immune to sickness and miasma.
Your stone body is resilient. (AC +4)
You are immune to poison.
You resist negative energy. (rN+)
You are resistant to electric shocks. (rElec)
You are resistant to unholy torment.
You are immune to petrification.


   Skills:
 - Level 4.3 Fighting
 + Level 7.1 Ranged Weapons
 - Level 1.1 Armour
 - Level 1.5 Dodging
 - Level 1.1 Stealth


You had 5 spell levels left.
You didn't know any spells.
Your spell library was empty.

Inventory:

Hand Weapons
 c - a +2 heavy arbalest (weapon)
Armour
 j - a +0 ring mail (worn)
Jewellery
 f - an amulet of reflection (around neck)
Scrolls
 e - a scroll of teleportation
Potions
 b - 2 potions of curing
 d - a potion of might

Dungeon Overview and Level Annotations

Branches:
Dungeon (4/15)
 Temple: D:4-7

Altars:
Xom
Yredelemnul

Shops:
D:1 ?


Message History

The black bear bites you but does no damage.
The black bear claws you but does no damage.
The black bear completely misses you. The black bear barely misses you.
The black bear claws you.
The black bear claws you but does no damage.
You shoot a bolt. The bolt closely misses the black bear.
The black bear bites you but does no damage.
The black bear barely misses you.
The black bear claws you but does no damage.
The black bear bites you but does no damage.
The black bear barely misses you. You block the black bear's attack.
You shoot a bolt. The bolt closely misses the black bear.
The black bear bites you but does no damage.
The black bear barely misses you. x2; The black bear bites you.
The black bear misses you. You block the black bear's attack.
You shoot a bolt. The bolt barely misses the black bear.
The black bear closely misses you.
The black bear claws you but does no damage.
You block the black bear's attack.
The black bear bites you but does no damage.
The black bear barely misses you. The black bear completely misses you.
The black bear closely misses you. The black bear claws you.
The black bear claws you but does no damage.
You shoot a bolt. The bolt hits the black bear!
The black bear is heavily wounded.
The black bear misses you.
The black bear claws you but does no damage.
The black bear barely misses you. x3; The black bear claws you.
You shoot a bolt. The bolt hits the black bear!!
You kill the black bear!
You block the quokka's attack.
Your Ranged Weapons skill increases to level 7!
You shoot a bolt. The bolt hits the ogre.
The ogre is lightly wounded.
The ogre completely misses you. The ogre barely misses you.
You shoot a bolt. The bolt hits the ogre!!
The ogre is almost dead.
The ogre hits you with a +0 giant spiked club!!
Ouch! That really hurt!
You die...

.#..)..#.. #.###.#)#
#.....#.# ##)###.##
........# #####.......#
+...'........
#.###O....$.#
#...@######## # #.##.#
.. #.# .# #.######+##.#
####'#....%....#
###..............#
#................#
...#...........)..#
..................######


You could see an ogre.

Vanquished Creatures
  A black bear (D:4)
  A howler monkey (D:4)
  An orc priest (D:3)
  Natasha (twice) (D:2)
  2 orc wizards (D:3)
  A hound zombie (D:3)
  3 gnolls (D:3)
  2 adders (D:2)
  2 worms
  2 dart slugs
  6 orcs (D:3)
  5 ball pythons
  4 bats
  9 endoplasms
  2 giant cockroaches (D:1)
  6 goblins
  10 hobgoblins
  5 jackals (D:1)
  3 quokkas
  A frilled lizard (D:2)
  A jackal zombie (D:3)
  8 kobolds
  4 rats
81 creatures vanquished.

Notes
Turn   | Place    | Note
-------+----------+-------------------------------------------
     0 | D:1      | qw the Gargoyle Hunter began the quest for the Orb.
     0 | D:1      | Reached XP level 1. HP: 12/12 MP: 1/1
     0 | D:1      | 0 ||| qw: Version: 0.3-a-106-g2cfff9e
     0 | D:1      | 0 ||| qw: Game counter: 2005
     0 | D:1      | 0 ||| qw: Melee chars always use a shield: true
     0 | D:1      | 0 ||| qw: God list: Okawaru
     0 | D:1      | 0 ||| qw: Allow faded altars: false
     0 | D:1      | 0 ||| qw: Do Orc after clearing Dungeon:15 true
     0 | D:1      | 0 ||| qw: Do second Lair branch before Depths: true
     0 | D:1      | 0 ||| qw: Lair rune preference: random
     0 | D:1      | 0 ||| qw: Goals: Normal, Save, Zot:1-4, Win
     0 | D:1      | 0 ||| PLANNING D:1-11
    76 | D:1      | Reached XP level 2. HP: 14/17 MP: 2/2
   273 | D:1      | Found Voecex's Magic Scroll Shoppe.
   281 | D:1      | 281 ||| SHOPLISTING scroll of enchant armour (105 gold,
                  | have 30).
   281 | D:1      | 281 ||| BUYING scroll of identify (28 gold).
   281 | D:1      | Bought a scroll of identify for 28 gold pieces
   281 | D:1      | 281 ||| SHOPLISTING scroll of teleportation (42 gold, have
                  | 2).
   334 | D:1      | Reached XP level 3. HP: 21/21 MP: 3/3
   351 | D:1      | Reached skill level 5 in Ranged Weapons
   708 | D:1      | 708 ||| UPGRADING to amulet of reflection.
   716 | D:1      | 716 ||| READING 2 scrolls of identify.
   716 | D:1      | 716 ||| IDENTIFYING ruby potion
   717 | D:1      | 717 ||| READING scroll of identify.
   717 | D:1      | 717 ||| IDENTIFYING scroll labelled ONORYR FAUCAO
   719 | D:1      | 719 ||| READING 2 scrolls labelled QOGYLOKIURPH.
   720 | D:1      | 720 ||| DROPPING scroll of butterflies.
   721 | D:1      | 721 ||| DROPPING scroll of revelation.
   722 | D:1      | 722 ||| DROPPING potion of attraction.
   723 | D:1      | 723 ||| DROPPING scroll of fear.
   852 | D:2      | Reached skill level 3 in Fighting
   913 | D:2      | Reached XP level 4. HP: 28/28 MP: 4/4
  1215 | D:2      | 1215 ||| FLEEEEING.
  1216 | D:2      | 1216 ||| FLEEEEING.
  1353 | D:2      | Noticed Natasha
  1359 | D:2      | Killed Natasha
  1532 | D:2      | Noticed Natasha
  1537 | D:2      | Killed Natasha
  1538 | D:2      | Reached XP level 5. HP: 32/32 MP: 5/5
  1596 | D:2      | 1596 ||| UPGRADING to +0 ring mail.
  1606 | D:2      | 1606 ||| DROPPING +0 leather armour.
  1607 | D:2      | 1607 ||| READING scroll labelled ZONU KORPHARO.
  1608 | D:2      | 1608 ||| READING scroll labelled ZONITOTAYSM.
  1609 | D:2      | 1609 ||| READING scroll labelled MEIHID FEOW.
  1610 | D:2      | 1610 ||| READING scroll labelled PAFULE GOHEUL.
  1610 | D:2      | Identified a scroll of acquirement
  1610 | D:2      | 1610 ||| 1610 ||| Offered +2 heavy arbalest
  1610 | D:2      | 1610 ||| 1610 ||| Offered manual of Spellcasting
  1610 | D:2      | 1610 ||| 1610 ||| Offered staff of death
  1610 | D:2      | 1610 ||| 1610 ||| Offered 562 gold pieces
  1610 | D:2      | 1610 ||| ACQUIRING +2 heavy arbalest
  1610 | D:2      | Acquired a +2 heavy arbalest
  1612 | D:2      | 1612 ||| SWAPPING to +2 heavy arbalest.
  1613 | D:2      | 1613 ||| DROPPING +0 shortbow.
  1614 | D:2      | 1614 ||| DRINKING 3 green potions.
  1854 | D:3      | Reached skill level 1 in Armour
  1896 | D:3      | Reached skill level 6 in Ranged Weapons
  1971 | D:3      | Reached XP level 6. HP: 38/38 MP: 6/6
  2048 | D:3      | Found a basalt altar of Yredelemnul.
  2291 | D:3      | 2291 ||| DRINKING 2 viscous dark potions.
  2358 | D:4      | Found a shimmering altar of Xom.
  2371 | D:4      | Noticed a black bear
  2372 | D:4      | 2372 ||| READING scroll of identify.
  2372 | D:4      | 2372 ||| IDENTIFYING scroll labelled OCUYC NYNIBIN
  2376 | D:4      | 2376 ||| Stepping ~*~*~tactically~*~*~ (retreating).
  2383 | D:4      | Killed a black bear
  2384 | D:4      | Reached skill level 7 in Ranged Weapons
  2385 | D:4      | Slain by an ogre

Levels and vault maps discovered:
D:1:      lightli_molten_gateway, layout_basic, serial_shops, shop
D:2:      layout_basic, minmay_split_cup_large, uniq_natasha
D:3:      layout_loops_ring, lemuel_zombie_altar_yredelemnul
D:4:      minmay_spotlight, layout_basic, mainiacjoe_overflow_tiny_flanked,
          mainiacjoe_overflow_large_starburst, amcnicky_mini_pool_small,
          minmay_checkerbox, uniq_duvessa

Skill      XL: |  1  2  3  4  5  6 |
---------------+-------------------+-----
Ranged Weapons | 5 6 7 |  7.1
Fighting       | 3 4 |  4.3
Armour         | 1 |  1.1
Dodging        | |  1.5
Stealth        | |  1.1

Action                     |  1- 3 |  4- 6 || total
---------------------------+-------+-------++-------
   Fire: Shortbow          |    85 |    64 ||   149
         Arbalest          |       |    46 ||    46
    Use: Scroll            |     3 |     5 ||     8
         Potion            |       |     2 ||     2
 Armour: Leather armour    |    10 |    14 ||    24
         Ring mail         |       |    34 ||    34
  Dodge: Dodged            |     5 |    63 ||    68
  Block: Other             |       |    20 ||    20
         Reflection        |       |     1 ||     1

Table legend:
 A = Non-vault XP
 B = Vault XP
 C = Vault XP percentage of total XP
 D = Non-vault monster count
 E = Vault monster count
 F = Vault count percentage of total count
                 A         B        C        D         E       F
            +---------+---------+-------+---------+---------+-------
      Total |     385 |     211 |  35.4 |      72 |       9 |  11.1
            +---------+---------+-------+---------+---------+-------
        D:1 |      59 |       0 |   0.0 |      33 |       0 |   0.0
        D:2 |      82 |      53 |  39.3 |      18 |       5 |  21.7
        D:3 |     183 |      23 |  11.2 |      17 |       2 |  10.5
        D:4 |      61 |     135 |  68.9 |       4 |       2 |  33.3
            +---------+---------+-------+---------+---------+-------
